 Dungeon Crawl Stone Soup version 0.24-a0-201-gf205589 (webtiles) character file.

Game seed: 606268142295850345

79 Borgoz the Skirmisher (level 4, -2/29 HPs)
             Began as a Kobold Fighter on Mar 24, 2019.
             Slain by an orc
             ... wielding a +0 flail
              (6 damage)
             ... on level 3 of the Dungeon.
             The game lasted 00:03:05 (1859 turns).

Borgoz the Skirmisher (Kobold Fighter)              Turns: 1859, Time: 00:03:06

Health: -2/29      AC:  9    Str: 13    XL:     4   Next: 64%
Magic:  1/1        EV: 11    Int: 10    God:
Gold:   152        SH:  0    Dex: 14    Spells: 3/3 levels left

rFire    . . .     SeeInvis .   n - +2 short sword (antimagic)
rCold    . . .     Gourm    .   (shield restricted)
rNeg     . . .     Faith    .   b - +0 scale mail
rPois    .         Spirit   .   q - +0 helmet
rElec    .         Reflect  .   (no cloak)
rCorr    .         Harm     .   (no gloves)
MR       .....                  p - +0 pair of boots (curse)
Stlth    +.........             e - amulet of inaccuracy (curse)
HPRegen  0.09/turn              (no ring)
MPRegen  0.07/turn              (no ring)

@: no status effects
A: small, carnivore
a: no special abilities


You were on level 3 of the Dungeon.
You were very full.

You visited 1 branch of the dungeon, and saw 3 of its levels.

You collected 152 gold pieces.

Inventory:

Hand Weapons
 a - a +0 rapier
 i - a +4 dagger
 n - a +2 antimagic short sword (weapon)
Missiles
 k - 30 bolts
 m - 20 poisoned needles
Armour
 b - a +0 scale mail (worn)
 c - a +0 shield
 p - a cursed +0 pair of boots (worn)
 q - a +0 helmet (worn)
Jewellery
 e - a cursed amulet of inaccuracy (around neck)
Scrolls
 h - a scroll of amnesia
 l - 2 scrolls of fear
 o - a scroll of magic mapping
 r - 2 scrolls of fog {unknown}
 t - a scroll of identify
Potions
 d - a potion of might
 g - a potion of mutation
 j - a potion of berserk rage {unknown}
 s - a potion of invisibility {unknown}
 u - a potion of curing {unknown}
Comestibles
 f - 7 rations


   Skills:
 + Level 3.7 Fighting
 + Level 3.4 Short Blades
 + Level 1.5 Throwing
 + Level 2.8 Armour
 + Level 1.7 Dodging
 + Level 1.8 Stealth
 - Level 2.4 Shields


You had 3 spell levels left.
You didn't know any spells.
Your spell library was empty.

Dungeon Overview and Level Annotations

Branches:
Dungeon (3/15)

Altars:
Qazlal


Innate Abilities, Weirdness & Mutations

You are small and have problems with some larger weapons.
You are carnivorous and can eat meat at any time.


Message History

You hit the goblin.
You kill the goblin!
Something hits you.
You hit something.
You hear some strange, mumbled words.
A puff of flame appears from out of thin air!
The puff of flame hits you!
You miss something. Something hits you but does no damage.
The orc closely misses you. Something hits you but does no damage.
Found a stone staircase leading up.
Things that are here:
a +4 dagger; a goblin corpse
i - a +4 dagger You hear some strange, mumbled words.
A magic dart appears from out of thin air!
The magic dart hits you!
* * * LOW HITPOINT WARNING * * *
The orc wizard casts a spell.
The orc wizard blinks!
The orc hits you with a +0 flail.
You die...

###### ##...##
#.....##### ##.....##
#.....#...# #.......#
###.....#...##
#.......#
%......#....###.......#
#.<...#.[...........##
##.....#...####.......#
#............†[.......#
#.####@##.#####.......#
#o##.# ##.....## ooo#.#
##...## .oo.#<# #####
...o.#.# #.....#.#
......#.# .#.....#.#
#.#


You could see an orc priest and 6 orcs.

Vanquished Creatures
  4 adders (D:2)
  A worm (D:2)
  2 leopard geckos
  A ball python (D:1)
  4 bats
  2 giant cockroaches
  4 goblins
  2 hobgoblins
  7 jackals
  4 kobolds
  4 frilled lizards
  4 rats
39 creatures vanquished.

Notes
Turn   | Place    | Note
-------+----------+-------------------------------------------
     0 | D:1      | Borgoz the Kobold Fighter began the quest for the Orb.
     0 | D:1      | Reached XP level 1. HP: 14/14 MP: 1/1
   112 | D:1      | Reached XP level 2. HP: 18/19 MP: 2/2
   190 | D:1      | Reached skill level 1 in Stealth
   558 | D:1      | Reached skill level 1 in Dodging
   766 | D:2      | Reached XP level 3. HP: 18/23 MP: 1/3
   826 | D:2      | Found a faded altar of an unknown god.
   854 | D:2      | Reached skill level 1 in Throwing
  1111 | D:2      | Reached XP level 4. HP: 22/28 MP: 1/4
  1336 | D:2      | Found a stormy altar of Qazlal.
  1859 | D:3      | Slain by an orc

Levels and vault maps discovered:
D:1:      saegor_arrival_simple_d, layout_basic, lemuel_old_faithful
D:2:      layout_basic, first_ration, chequers_ecumenical_altar_simple,
          nicolae_qazlal_eye_of_the_storm
D:3:      layout_rooms, zin_treasury, uniq_terence

Skill      XL: |  1  2  3 |
---------------+----------+-----
Short Blades   | 3 |  3.4
Stealth        | 1 |  1.8
Dodging        | 1 |  1.7
Throwing       | 1 |  1.5
Fighting       | |  3.7
Armour         | |  2.8
Shields        | |  2.4

Action                   |  1- 3 |  4- 6 || total
-------------------------+-------+-------++-------
Melee: Rapier            |    47 |       ||    47
       Short sword       |    68 |    50 ||   118
  Use: Scroll            |     5 |       ||     5
       Potion            |     2 |       ||     2
  Eat: Chunk             |     9 |     2 ||    11
Armor: Scale mail        |    54 |    28 ||    82
Dodge: Dodged            |    85 |    10 ||    95

Table legend:
 A = Non-vault XP
 B = Vault XP
 C = Vault XP percentage of total XP
 D = Non-vault monster count
 E = Vault monster count
 F = Vault count percentage of total count
                 A         B        C        D         E       F
            +---------+---------+-------+---------+---------+-------
      Total |     114 |       0 |   0.0 |      39 |       0 |   0.0
            +---------+---------+-------+---------+---------+-------
        D:1 |      25 |       0 |   0.0 |      15 |       0 |   0.0
        D:2 |      84 |       0 |   0.0 |      22 |       0 |   0.0
        D:3 |       5 |       0 |   0.0 |       2 |       0 |   0.0
            +---------+---------+-------+---------+---------+-------
